 Dungeon Crawl Stone Soup version 0.27.0-65-ge2af304b15 (console) character file.

Game seed: 15165081543256567940

1665 Banquo the Magician (level 9, 0/66 HPs)
             Began as a Djinni Warper on Aug 18, 2021.
             Was a Follower of Ashenzari.
             Slain by an unseen horror (6 damage)
             ... on level 6 of the Dungeon.
             The game lasted 00:26:05 (7993 turns).

Banquo the Magician (Djinni Warper)                 Turns: 7993, Time: 00:26:06

Health: 0/66       AC:  4    Str: 10    XL:     9   Next: 20%
Gold:   248        EV: 12    Int: 18    God:    Ashenzari [*.....] SH:  0 Dex: 13

rFire    + + .     SeeInvis .   a - +4 falchion (protect)
rCold    x . .     Faith    .   (no shield)
rNeg     . . .     Spirit   .   o - +0 leather armour "Share My Yoke" {Melee, Cun} (curse)
rPois    ∞         Reflect  .   h - +1 hat "Prophetic Loss" {Self, Range} (curse)
rElec    .         Harm     .   (no cloak)
rCorr    .         Rampage  .   (no gloves)
Will     .....                  (boots unavailable)
Stlth    +.........             (no amulet)
HPRegen  0.21/turn              (no ring)
MPRegen  0.00/turn              (no ring)

@: confused, ambrosia-drunk, flying
A: sickness immunity, fire resistance 2, cold vulnerability 1, float, innate
caster, hp casting, extra vitality 1
a: Renounce Religion, Shatter the Chains


You were on level 6 of the Dungeon.
You worshipped Ashenzari.
Ashenzari was aware of your devotion.
You visited 2 branches of the dungeon, and saw 7 of its levels.

You collected 248 gold pieces.

Inventory:

Hand Weapons
 a - a +4 falchion of protection (weapon)
 b - a +2 dagger of venom
 r - a +0 rapier
 t - a +2 mace of protection
 v - a +0 whip of electrocution
 w - a +1 short sword of venom
 x - a +0 spear
 B - a +3 short sword
Missiles
 d - 5 boomerangs of dispersal (quivered)
 f - 2 javelins
 m - 222 stones
 s - 19 poisoned darts
 u - 3 boomerangs
Armour
 h - the cursed +1 hat "Prophetic Loss" (worn) {Self, Range}
   (You found it on level 1 of the Dungeon)

   It has a curse which improves the following skills: Introspection: Fighting
   and Spellcasting.
   Ranged Combat: Slings, Bows, Crossbows and Throwing.
 i - a +0 tower shield
 o - the cursed +0 leather armour "Share My Yoke" (worn) {Melee, Cun}

   It has a curse which improves the following skills: Melee Combat: Short
   Blades, Long Blades, Axes, Maces & Flails, Polearms, Staves and Unarmed
   Combat.
   Cunning:   Dodging and Stealth.
 A - a +1 scale mail of cold resistance
 D - +0 steam dragon scales
Wands
 l - a wand of digging (6)
 z - a wand of flame (6)
Scrolls
 c - 2 scrolls of blinking
 k - 8 scrolls of teleportation
 p - a scroll of fear
 y - a scroll of summoning
Potions
 e - a potion of ambrosia
 g - a potion of might
 j - a potion of brilliance
 n - a potion of berserk rage
 q - a potion of haste
 C - a potion of resistance


   Skills:
 * Level 5.0(6.0) Fighting
 * Level 5.3(6.3) Long Blades
 - Level 0.7(1.2) Throwing
 - Level 1.0 Armour
 - Level 2.1(3.0) Dodging
 + Level 6.9(7.9) Spellcasting


You couldn't memorise any spells.
You knew the following spells:

 Your Spells              Type           Power      Damage    Failure   Level
a - Shock                 Conj/Air       100%       1d9       1%          1
b - Lesser Beckoning      Tloc           17%        N/A       1%          3
c - Corpse Rot            Necr/Air       N/A        N/A       1%          2
d - Animate Dead          Necr           17%        N/A       4%          4
e - Manifold Assault      Tloc           35%        N/A       14%         5
f - Conjure Flame         Conj/Fire      35%        6-21      1%          3
g - Gell's Gravitas       Tloc           17%        N/A       1%          3
t - Teleport Other        Tloc           35%        N/A       1%          3
B - Blink                 Tloc           N/A        N/A       1%          2
Your spell library was empty.

Dungeon Overview and Level Annotations

Branches:
Dungeon (6/15)             Temple (1/1) D:4

Altars:
Ashenzari
Dithmenos
Fedhas
Gozag
Kikubaaqudgha
Nemelex Xobeh
Ru
Sif Muna
Trog
Vehumet
Xom
Yredelemnul

Shops:
D:1 =   D:6 !

Annotations:
D:2 Sigmund
D:4 1 exclusion


Innate Abilities, Weirdness & Mutations

You are immune to sickness and miasma.
You are immune to poison.
Your flesh is very heat resistant. (rF++)
You are vulnerable to cold. (rC-)
You float through the air rather than walking.
You learn spells naturally, not from books.
Your magical power is your life essence.
You have superior vitality. (+4 HP)


Message History

Confirm with . or Enter, or press ? or * to list all spells.
Aiming: Shock (safe; 1% risk of failure)
Press: ? - help, Shift-Dir - straight line The zap hits something!
The zap hits the orc wizard.
You kill the orc wizard!
Something hits you!
A vampire mosquito comes into view.
Something hits you.
Casting: Shock (safe; 1% risk of failure)
Confirm with . or Enter, or press ? or * to list all spells.
Aiming: Shock (safe; 1% risk of failure)
Press: ? - help, Shift-Dir - straight line The zap hits something.
The zap hits the iguana.
The iguana is heavily wounded.
The vampire mosquito buzzes angrily.
Something hits you. x2
Unknown command.
Casting: Shock (safe; 1% risk of failure)
Confirm with . or Enter, or press ? or * to list all spells.
Aiming: Shock (safe; 1% risk of failure)
Press: ? - help, Shift-Dir - straight line The zap hits the iguana.
The iguana is almost dead.
Something hits you but does no damage. Something hits you.
* * * LOW HITPOINT WARNING * * *
Unknown command.
Press: ? - help, v - describe, . - travel The floor.
Something hits you!
* * * LOW HITPOINT WARNING * * *
Something hits you!
* * * LOW HITPOINT WARNING * * *
Casting: Shock (safe; 1% risk of failure)
Confirm with . or Enter, or press ? or * to list all spells.
You blink.
* * * LOW HITPOINT WARNING * * *
Unknown command.
You are confused.
You feel invigorated. Something hits you.
You die...

#######. ##### #.@.# .
###### #.{.#
..######....###..l#####.#..
............'.'.§...y......
#..........###...###.#....
#... #.........^# #...# ..
. ... #..........# #.[.#
..# #.. #......###########
... #.. #######........ ..
#..


You could see an iguana.

Vanquished Creatures
  A steam dragon (D:6)
  2 orc warriors (D:6)
  2 necrophages (D:5)
  A centaur (D:5)
  4 scorpions
  A water moccasin zombie (D:5)
  A water moccasin skeleton (D:5)
  2 vampire bats (D:5)
  A centaur zombie (D:5)
  3 centaur skeletons (D:5)
  An orc priest (D:5)
  A hound (D:5)
  Ijyb (D:4)
  A bullfrog skeleton (D:5)
  6 iguanas
  2 orc wizards (D:6)
  A hound skeleton (D:4)
  A howler monkey skeleton (D:5)
  8 adders
  4 gnolls (D:5)
  11 orcs
  12 bats
  3 endoplasms
  4 giant cockroaches
  5 goblins
  7 hobgoblins
  17 jackals
  11 kobolds
  4 quokkas (D:1)
  11 ball pythons
  15 frilled lizards
  A jackal skeleton (D:4)
  10 rats
  2 butterflies (D:6)
157 creatures vanquished.

Vanquished Creatures (others)
  6 plants (D:3)
6 creatures vanquished.

Grand Total: 163 creatures vanquished

Notes
Turn   | Place    | Note
-------+----------+-------------------------------------------
     0 | D:1      | Banquo the Djinni Warper began the quest for the Orb.
     0 | D:1      | Reached XP level 1. HP: 18/18 MP: 0/0
   144 | D:1      | Reached XP level 2. HP: 7/23 MP: 0/0
   383 | D:1      | Found Xotzidav's Jewellery Shop.
   895 | D:1      | Reached XP level 3. HP: 26/28 MP: 0/0
   895 | D:1      | Learned a level 1 spell: Shock
  1268 | D:1      | Reached skill level 3 in Spellcasting
  1692 | D:2      | Noticed Sigmund
  1867 | D:2      | Reached XP level 4. HP: 32/33 MP: 0/0
  2153 | D:2      | Found a sparkling altar of Nemelex Xobeh.
  3216 | D:3      | Reached XP level 5. HP: 36/39 MP: 0/0
  3216 | D:3      | Learned a level 2 spell: Corpse Rot
  4503 | D:4      | Found a blossoming altar of Fedhas.
  4533 | D:4      | Reached XP level 6. HP: 37/45 MP: 0/0
  4657 | D:4      | Noticed Ijyb
  4677 | D:4      | Killed Ijyb
  4678 | D:4      | Reached skill level 4 in Spellcasting
  4876 | D:4      | Found a staircase to the Ecumenical Temple.
  4884 | Temple   | Entered the Ecumenical Temple
  5017 | Temple   | Became a worshipper of Ashenzari the Shackled
  5210 | D:4      | Noticed a steam dragon
  5272 | D:5      | Entered Level 5 of the Dungeon
  5458 | D:5      | Reached XP level 7. HP: 33/50 MP: 0/0
  5458 | D:5      | Learned a level 3 spell: Conjure Flame
  5696 | D:5      | Reached skill level 5 in Spellcasting
  6272 | D:5      | Reached XP level 8. HP: 52/58 MP: 0/0
  6402 | D:5      | Reached skill level 6 in Spellcasting
  7444 | D:6      | Reached * piety under Ashenzari
  7747 | D:6      | Found Omiedeag's Distillery.
  7755 | D:6      | Found a shimmering altar of Xom.
  7763 | D:6      | Reached XP level 9. HP: 62/65 MP: 0/0
  7763 | D:6      | Learned a level 4 spell: Animate Dead
  7789 | D:6      | Reached skill level 5 in Long Blades
  7886 | D:6      | Reached skill level 5 in Fighting
  7991 | D:6      | HP: 3/66 [something (9)]
  7993 | D:6      | Slain by an unseen horror

Illustrated notes

Levels and vault maps discovered:
D:1:      grunt_arrival_lava_bath, layout_basic, serial_shops,
          nicolae_square_shop, hangedman_abyss_or_decor_stabs
D:2:      layout_basic, basic_altar, uniq_sigmund
D:3:      layout_loops_ring, minmay_lizard_king
D:4:      layout_rooms, mainiacjoe_overflow_brackets,
          minmay_temple_entry_glassed_door, minmay_pentangle, uniq_ijyb
D:5:      layout_basic, roderic_batcave, chequers_mini_garden,
          minmay_fractal_squares_5
D:6:      layout_basic, xom_butterflies, serial_shops, nicolae_shop_waterfront,
          minmay_manual_moon
Temple:   nicolae_temple_figure_zero

Skill      XL: |  1  2  3  4  5  6  7  8  9 |
---------------+----------------------------+-----
Long Blades    | 2 3 4 5 |  5.3
Spellcasting   | 3 4 5 6 |  6.9
Fighting       | 3 4 5 |  5.0
Throwing       | |  0.7
Armour         | |  1.0
Dodging        | |  2.1

Action                   |  1- 3 |  4- 6 |  7- 9 || total
-------------------------+-------+-------+-------++-------
Melee: Falchion          |    71 |       |    47 ||   118
 Cast: Shock             |    43 |   159 |   136 ||   338
       Blink             |       |       |     2 ||     2
Invok: Curse Item        |       |       |     2 ||     2
  Use: Scroll            |       |     4 |     1 ||     5
       Potion            |       |       |     2 ||     2
Armor: Leather armour    |    25 |    17 |    36 ||    78
Dodge: Dodged            |    60 |    37 |    55 ||   152
       Rpst.: Falchion   |    20 |    15 |    16 ||    51
